 Dungeon Crawl Stone Soup version 0.30-a0-1074-g5db6f66fbb (webtiles) character file.

Game seed: 9804104968690177771

244 demibob the Cudgeller (level 5, -5/35 HPs)
             Began as a Demonspawn Wanderer on Apr 13, 2023.
             Was an Initiate of Ashenzari.
             Slain by a mummy (14 damage)
             ... in an ossuary.
             The game lasted 00:03:58 (2816 turns).

demibob the Cudgeller (Demonspawn Wanderer)         Turns: 2816, Time: 00:03:58

Health: -5/35      AC:  6    Str: 17    XL:     5   Next: 83%
Magic:  5/5        EV: 11    Int: 10    God:    Ashenzari [......]
Gold:   189        SH:  0    Dex: 13    Spells: 4/4 levels left

rFire   . . .      SeeInvis .    a - +2 mace
rCold   . . .      Faith    .    (no shield)
rNeg    . . .      Spirit   .    e - +1 leather armour
rPois   .          Reflect  .    (no helmet)
rElec   .          Rampage  .    (no cloak)
rCorr   .                        (no gloves)
Will    .....                    (no boots)
Stlth   +                        (no amulet)
HPRegen 0.25/turn                (no ring)
MPRegen 0.09/turn                (no ring)

@: no status effects
A: icy blue scales 1, weakness stinger 1
a: Renounce Religion, Curse Item


You were in an ossuary.
You worshipped Ashenzari.
Ashenzari was noncommittal.
You visited 1 branch of the dungeon, and saw 4 of its levels.
You also visited: Ossuary.

You collected 189 gold pieces.


Innate Abilities, Weirdness & Mutations

You are partially covered in icy blue scales. (AC +2)
You have a small tail.


   Skills:
 + Level 6.0 Maces & Flails
 - Level 2.6 Throwing
 - Level 1.0 Armour
 - Level 1.7 Unarmed Combat
 - Level 1.2 Invocations


You had 4 spell levels left.
You didn't know any spells.
Your spell library contained the following spells:

 Spells                   Type           Power      Damage    Failure   Level
 Summon Small Mammal      Summ           0%         N/A       41%         1
 Call Canine Familiar     Summ           0%         N/A       80%         3
 Dazzling Flash           Conj/Hex       0%         N/A       80%         3
 Summon Guardian Golem    Hex/Summ       0%         N/A       80%         3
 Volatile Blastmotes      Fire/Tloc      0%         2d10      80%         3
 Fulminant Prism          Conj/Hex       0%         3d5       99%         4
 Iskenderun's Mystic Bla  Conj/Tloc      0%         2d3       99%         4
 Lee's Rapid Deconstruct  Erth           0%         3d4*      100%        5
 Starburst                Conj/Fire      0%         6d3       100%        6

Inventory:

Hand Weapons
 a - a +2 mace (weapon)
 d - a +0 dagger
Missiles
 c - 11 boomerangs (quivered)
Armour
 e - a +1 leather armour (worn)
 l - a +2 pair of gloves
Wands
 f - a wand of digging (9)
Scrolls
 j - a scroll of poison
 o - 2 scrolls of teleportation {@r2}
Potions
 b - 2 potions of attraction
 i - a potion of mutation {unknown}
 k - a potion of brilliance
 m - a potion of ambrosia {unknown}

Dungeon Overview and Level Annotations

Branches:
Dungeon (4/15)            Ossuary (1/1)
 Temple: D:4-7

Altars:
Ashenzari
Kikubaaqudgha

▒▒▒▒▒▒▒▒▒
▒▒.......
▒▒.....M▒▒▒▒
▒.....@▒▒..▒▒ ..
▒.....▒▒....▒▒..
▒...............
▒▒..............
▒▒.............
▒+▒▒........▒
▒▒......▒▒
▒▒....▒▒ ▒....▒


You could see a mummy.


Message History

You destroy the mummy!
A mummy comes into view.
A mummy is nearby!
The mummy hits you!
You barely miss the mummy. The mummy hits you.
You barely miss the mummy. You barely miss the mummy.
You tail-slap the mummy, but do no damage.
The mummy hits you!
* * * LOW HITPOINT WARNING * * *
You are too injured to fight recklessly!
You are too injured to fight recklessly!
You are too injured to fight recklessly!
You are too injured to fight recklessly!
You are too injured to fight recklessly!
You are too injured to fight recklessly!
You are too injured to fight recklessly!
You are too injured to fight recklessly!
You are too injured to fight recklessly!
You are too injured to fight recklessly!
You sock the mummy!
The mummy is heavily damaged.
The mummy hits you!
* * * LOW HITPOINT WARNING * * *
You barely miss the mummy.
Your tail-slap misses the mummy.
The mummy is heavily damaged.
You barely miss the mummy. You tail-slap the mummy.
The mummy is heavily damaged.
The mummy hits you!
You die...

Skill      XL: |  1  2  3  4  5 |
---------------+----------------+-----
Maces & Flails | 3 4 5 6 |  6.0
Throwing       | |  2.6
Armour         | |  1.0
Unarmed Combat | |  1.7
Invocations    | |  1.2

Action                     |  1- 3 |  4- 6 || total
---------------------------+-------+-------++-------
  Melee: Mace              |   109 |   105 ||   214
         Tailslap          |     7 |    15 ||    22
         Punch             |     1 |       ||     1
    Use: Scroll            |     6 |     2 ||     8
         Potion            |       |     4 ||     4
 Armour: Leather armour    |    34 |    22 ||    56
  Dodge: Dodged            |    75 |    64 ||   139

Levels and vault maps discovered:
D:1:      wander_arrival_peaceful_grave, layout_loops_corners
D:2:      minmay_wonky_spiral, layout_basic
D:3:      layout_basic, kiku_gazebo_garden_becter,
          hellmonk_ecumenical_altar_defaced_shrine, minmay_misc_feat_rugged,
          st_stairs_13
D:4:      minmay_diamond_boxcup, layout_layer_cave, general_overflow_altar,
          enter_ossuary_1, serial_shops, shop, nicolae_figureground_pulse
Ossuary:  ossuary_tomb_3

Notes
Turn   | Place    | Note
-------+----------+-------------------------------------------
     0 | D:1      | demibob the Demonspawn Wanderer began the quest for the
                  | Orb.
     0 | D:1      | demibob set off with the following items: a +2 mace, 2
                  | potions of attraction, 8 boomerangs, a +0 dagger, a +0
                  | leather armour.
     0 | D:1      | Reached XP level 1. HP: 13/13 MP: 1/1
   104 | D:1      | Reached skill level 3 in Maces & Flails
   340 | D:1      | Gained mutation: You have a small tail. [demonic ancestry]
   340 | D:1      | Reached XP level 2. HP: 19/19 MP: 2/2
  1061 | D:2      | Reached XP level 3. HP: 24/24 MP: 3/3
  1070 | D:2      | Reached skill level 4 in Maces & Flails
  1701 | D:3      | Reached XP level 4. HP: 27/30 MP: 4/4
  1933 | D:3      | Found a faded altar of an unknown god.
  1975 | D:3      | Found an ancient bone altar of Kikubaaqudgha.
  2269 | D:3      | Reached skill level 5 in Maces & Flails
  2388 | D:3      | Prayed at the altar of an unknown god.
  2388 | D:3      | Became a worshipper of Ashenzari the Shackled
  2445 | D:3      | Gained mutation: You are partially covered in icy blue
                  | scales. (AC +2) [demonic ancestry]
  2445 | D:3      | Reached XP level 5. HP: 15/35 MP: 5/5
  2513 | D:4      | Found a sand-covered staircase.
  2520 | Ossuary  | Entered an ossuary
  2578 | Ossuary  | HP: 1/35 [mummy (10)]
  2735 | Ossuary  | Reached skill level 6 in Maces & Flails
  2816 | Ossuary  | Slain by a mummy

Vanquished Creatures
  2 orc priests (D:3)
  5 mummies (Ossuary)
  4 adders
  3 dart slugs
  12 orcs
  6 endoplasms
  4 giant cockroaches
  4 goblins
  4 hobgoblins (D:1)
  A jackal (D:2)
  4 kobolds
  2 quokkas
  7 ball pythons
  4 bats
  3 hobgoblin zombies (Ossuary)
  3 kobold zombies (Ossuary)
  2 orc zombies (Ossuary)
  4 rats
74 creatures vanquished.

Vanquished Creatures (others)
  4 withered plants (D:3)
4 creatures vanquished.

Grand Total: 78 creatures vanquished

Table legend: (Time is in decaauts)
 A = Elapsed time spent in this place.
 B = Non-inter-level travel time spent in this place.
 C = Inter-level travel time spent in this place.
 D = Time resting spent in this place.
 E = Time spent auto-exploring this place.
 F = Levels seen in this place.
 G = Mean time per level.
                   A        B        C        D        E       F      G
               +--------+--------+--------+--------+--------+-----+--------+
         Total |   2835 |   2679 |    156 |    123 |   1992 |   5 |  567.0 |
       Dungeon |   2534 |   2378 |    156 |     77 |   1859 |   4 |  633.5 |
       Ossuary |    300 |    300 |      0 |     46 |    133 |   1 |  300.0 |
               +--------+--------+--------+--------+--------+-----+--------+

Top non-repeatable levels by time:
     D:1: 906 daAuts
     D:3: 815 daAuts
     D:2: 786 daAuts
 Ossuary: 300 daAuts
     D:4: 26 daAuts

Table legend:
 A = Non-vault XP
 B = Vault XP
 C = Vault XP percentage of total XP
 D = Non-vault monster count
 E = Vault monster count
 F = Vault count percentage of total count
                 A         B        C        D         E       F
            +---------+---------+-------+---------+---------+-------
      Total |     236 |     113 |  32.4 |      53 |      21 |  28.4
            +---------+---------+-------+---------+---------+-------
        D:1 |      30 |       0 |   0.0 |      15 |       0 |   0.0
        D:2 |      48 |       7 |  12.7 |      18 |       4 |  18.2
        D:3 |     155 |      10 |   6.1 |      19 |       4 |  17.4
        D:4 |       3 |       0 |   0.0 |       1 |       0 |   0.0
    Ossuary |       0 |      96 | 100.0 |       0 |      13 | 100.0
            +---------+---------+-------+---------+---------+-------
